 Dungeon Crawl Stone Soup version 0.21.1-1-g345015f (webtiles) character file.

505 Mgcat the Chopper (level 6, 0/60 HPs)
             Began as a Minotaur Berserker on Mar 10, 2018.
             Was a Priest of Trog.
             Succumbed to a killer bee's poison
             ... on level 3 of the Dungeon.
             The game lasted 00:07:10 (1777 turns).

Mgcat the Chopper (Minotaur Berserker)              Turns: 1777, Time: 00:07:11

Health: 0/60       AC:  8    Str: 24    XL:     6   Next: 96%
Magic:  5/5        EV:  8    Int:  4    God:    Trog [***...]
Gold:   157        SH:  0    Dex:  9    Spells: 5/5 levels left

rFire    . . .     SeeInvis .   p - +0 war axe
rCold    . . .     Gourm    .   (no shield)
rNeg     . . .     Faith    .   h - +0 chain mail
rPois    .         Spirit   .   (helmet restricted)
rElec    .         Reflect  .   (no cloak)
rCorr    .         Harm     .   (no gloves)
MR       +....                  (no boots)
Stlth    ..........             v - amulet of inaccuracy
HPRegen  0.20/turn              u - ring of protection from magic {MR+, !d}
MPRegen  0.09/turn              (no ring)

@: lethally poisoned (0 -> -21), berserk cooldown, hasted and slowed
A: retaliatory headbutt, horns 2
a: Berserk, Trog's Hand, Burn Spellbooks, Renounce Religion


You were on level 3 of the Dungeon.
You worshipped Trog.
Trog was most pleased with you.
You were not hungry.

You visited 1 branch of the dungeon, and saw 4 of its levels.

You collected 157 gold pieces.

Inventory:

Hand Weapons
 a - a +0 hand axe
 p - a +0 war axe (weapon)
   (You found it on level 2 of the Dungeon)
Missiles
 t - 3 tomahawks (quivered)
Armour
 b - a +0 animal skin
 h - a +0 chain mail (worn)
   (You found it on level 1 of the Dungeon)
Jewellery
 u - a ring of protection from magic (left hand) {MR+, !d}
   (You found it on level 3 of the Dungeon)
 v - an amulet of inaccuracy (around neck)
   (You found it on level 3 of the Dungeon)
Scrolls
 e - 2 scrolls of remove curse
 i - a scroll of magic mapping {!r}
 l - 2 scrolls of teleportation
Potions
 d - 2 potions of haste
 f - a potion of lignification {unknown}
 g - 2 potions of invisibility {unknown}
 j - a potion of agility {unknown}
 k - 2 potions of heal wounds {unknown}
 m - 2 potions of curing {unknown}
 o - 2 potions of degeneration {unknown}
 q - a potion of berserk rage {unknown}
 r - a potion of cancellation {unknown}
Comestibles
 c - 3 rations


   Skills:
 + Level 7.2 Fighting
 + Level 7.2 Axes
 - Level 2.4 Armour
 - Level 2.1 Dodging


You had 5 spell levels left.
You didn't know any spells.

Dungeon Overview and Level Annotations

Branches:
Dungeon (4/15)
 Temple: D:4-7

Altars:
Beogh

Annotations:
D:4 Cadaver's ghost, novice HuWr


Innate Abilities, Weirdness & Mutations

You reflexively headbutt those who attack you in melee.
You have a pair of horns on your head.


Message History

You closely miss the killer bee. You completely miss the killer bee.
You miss the killer bee.
You feel sick. The killer bee barely misses you. The killer bee stings you.
The killer bee barely misses you. You furiously retaliate!
You headbutt the killer bee! The killer bee stings you.
You are more poisoned.
The killer bee poisons you!
The killer bee stings you but does no damage.
The killer bee barely misses you.
You miss the killer bee. Your headbutt misses the killer bee.
You closely miss the killer bee. You slash the killer bee!
You feel sick. The killer bee barely misses you.
The killer bee stings you but does no damage.
The killer bee stings you!
You barely miss the killer bee. You completely miss the killer bee. x2
The killer bee stings you. x2
The killer bee stings you but does no damage. x2
The killer bee closely misses you.
The killer bee stings you but does no damage.
You barely miss the killer bee. Your headbutt misses the killer bee.
You miss the killer bee. You closely miss the killer bee.
You feel sick.
The killer bee closely misses you. x2; You furiously retaliate!
You headbutt the killer bee!
You kill the killer bee!
Trog accepts your kill.
The killer bee stings you but does no damage.
You miss the killer bee. You completely miss the killer bee.
You feel sick. The killer bee stings you. x2
The killer bee stings you but does no damage.
The killer bee barely misses you.
Your chain mail prevents you from hitting the killer bee.
Your headbutt misses the killer bee. You completely miss the killer bee.
You feel sick. The killer bee stings you. The killer bee closely misses you.
The killer bee stings you but does no damage.
The killer bee stings you.
You are more poisoned.
The killer bee poisons you!
You barely miss the killer bee. Your headbutt misses the killer bee.
You closely miss the killer bee.
You feel sick. The killer bee stings you. The killer bee closely misses you.
You barely miss the killer bee. You miss the killer bee.
You feel sick. The killer bee barely misses you.
The killer bee stings you but does no damage.
The killer bee closely misses you.
The killer bee stings you but does no damage.
You slice the killer bee!!
You kill the killer bee!
Trog accepts your kill.
Your Fighting skill increases to level 7!
Your Axes skill increases to level 7!
You closely miss the killer bee.
You feel sick. The killer bee stings you.
You are more poisoned.
The killer bee poisons you! The killer bee stings you!
* * * LOW HITPOINT WARNING * * *
You are more poisoned.
The killer bee poisons you!
You feel sick. The killer bee stings you.
* * * LOW HITPOINT WARNING * * *
You are lethally poisoned!
The killer bee poisons you!
You see here a killer bee corpse.
You miss the killer bee. Your headbutt misses the killer bee.
The killer bee is heavily wounded.
* * * LOW HITPOINT WARNING * * *
You feel very sick.
The killer bee stings you but does no damage. x2
You are too berserk!
Unknown command.
Unknown command.
You miss the killer bee. Your headbutt misses the killer bee.
The killer bee is heavily wounded.
* * * LOW HITPOINT WARNING * * *
You feel sick. The killer bee stings you.
* * * LOW HITPOINT WARNING * * *
Unknown command.
Unknown command.
You barely miss the killer bee.
The killer bee is heavily wounded.
You are no longer berserk.
You are exhausted.
You feel yourself slow down.
* * * LOW HITPOINT WARNING * * *
You feel sick. The killer bee barely misses you. You furiously retaliate!
You headbutt the killer bee!
You kill the killer bee!
Trog accepts your kill.
It was a potion of haste.
You feel yourself speed up.
* * * LOW HITPOINT WARNING * * *
You feel very sick.
Cadaver's ghost (novice Human Warper) comes into view.
Unknown command.
Unknown command.
* * * LOW HITPOINT WARNING * * *
You feel sick.
There is a stone staircase leading up, spattered with blood here.
* * * LOW HITPOINT WARNING * * *
You feel very sick.
Cadaver's ghost turns its malevolent gaze towards you.
You climb upwards.
You die...

########### ..........########
#....####........## **********
##.......#######@.#*****,,,,,,,,*
####.###..#######.......,..,,,,,,
.###...##......#########...,,,,,*
..##.#..######..########...,,,,,*
...#.##...## ##.............,,,,*
...#.####..# ####...#...#..#####
...#.# ##.# ##.............#
...#.## #.# ##.............#
......####.## #.....#........#


There were no monsters in sight!

Vanquished Creatures
  Grinder (D:3)
  A phantom (D:3)
  3 killer bees (D:4)
  3 adders
  An ooze (D:2)
  2 dart slugs (D:2)
  A leopard gecko (D:1)
  7 orcs (D:3)
  4 bats
  6 giant cockroaches
  4 goblins
  3 hobgoblins (D:2)
  5 jackals
  A ball python (D:1)
  2 frilled lizards
  12 kobolds
  4 rats
60 creatures vanquished.

Notes
Turn   | Place    | Note
-------+----------+-------------------------------------------
     0 | D:1      | Mgcat the Minotaur Berserker began the quest for the Orb.
     0 | D:1      | Reached XP level 1. HP: 19/19 MP: 0/0
   258 | D:1      | Reached skill level 4 in Fighting
   258 | D:1      | Reached skill level 4 in Axes
   258 | D:1      | Reached XP level 2. HP: 27/27 MP: 1/1
   497 | D:1      | Found a roughly hewn altar of Beogh.
   497 | D:1      | Noticed an orc warrior
   767 | D:2      | Reached ** piety under Trog
   768 | D:2      | Reached XP level 3. HP: 34/34 MP: 2/2
  1045 | D:2      | Noticed a phantom
  1071 | D:3      | Reached XP level 4. HP: 41/41 MP: 3/3
  1071 | D:3      | Killed a phantom
  1071 | D:3      | Reached skill level 5 in Fighting
  1071 | D:3      | Reached skill level 5 in Axes
  1071 | D:3      | Reached XP level 5. HP: 49/49 MP: 4/4
  1234 | D:3      | Noticed Grinder
  1248 | D:3      | Paralysed by Grinder for 4 turns
  1552 | D:3      | Reached *** piety under Trog
  1569 | D:3      | Killed Grinder
  1569 | D:3      | Reached skill level 6 in Fighting
  1569 | D:3      | Reached skill level 6 in Axes
  1569 | D:3      | Reached XP level 6. HP: 47/58 MP: 5/5
  1769 | D:4      | Reached skill level 7 in Fighting
  1769 | D:4      | Reached skill level 7 in Axes
  1771 | D:4      | HP: 22/90 [poisoned by a killer bee]
  1774 | D:4      | HP: 7/60 [poisoned by a killer bee]
  1775 | D:4      | Noticed Cadaver's ghost (novice HuWr)
  1776 | D:4      | HP: 2/60 [poisoned by a killer bee]
  1777 | D:3      | Succumbed to a killer bee's poison

Skill      XL: |  1  2  3  4  5  6 |
---------------+-------------------+-----
Fighting       | 4 5 6 7 |  7.2
Axes           | 4 5 6 7 |  7.2
Armour         | |  2.4
Dodging        | |  2.1

Action                   |  1- 3 |  4- 6 || total
-------------------------+-------+-------++-------
Melee: Hand axe          |    58 |       ||    58
       Headbutt          |    14 |     3 ||    17
       War axe           |     9 |    51 ||    60
Invok: Berserk           |     3 |     3 ||     6
       Burn Spellbooks   |       |     1 ||     1
       Trog's Hand       |       |     1 ||     1
  Use: Scroll            |       |     5 ||     5
       Potion            |       |     1 ||     1
  Eat: Chunk             |     2 |     4 ||     6
       Ration            |       |     1 ||     1
Armor: Chain mail        |    47 |    39 ||    86
Dodge: Dodged            |    44 |    36 ||    80

Vault maps used:
D:1:      erik_arrival_cave_to_civilisation
D:2:      st_stairs_2, minmay_tromino_v2
D:3:      uniq_grinder
D:4:      nicolae_overflow_crystal_walls, uniq_sigmund

Table legend:
 A = Turns spent in this place as a percentage of turns spent in the entire game.
 B = Non-inter-level travel turns spent in this place as a percentage of non-inter-level travel turns spent in the entire game.
 C = Inter-level travel turns spent in this place as a percentage of turns spent in this place.
 D = Turns resting spent in this place as a percentage of non-inter-level travel turns spent in this place.
 E = Turns spent auto-exploring this place as a percentage of non-inter-level travel turns spent in this place.
 F = Non-inter-level travel turns spent in this place divided by the number of levels of this place that you've seen.
                   A       B       C       D       E      F
               +-------+-------+-------+-------+-------+----------------------
         Total | 100.0 | 100.0 |   1.7 |   3.1 |  73.0 | 436.5
       Dungeon | 100.0 | 100.0 |   1.7 |   3.1 |  73.0 | 436.5
               +-------+-------+-------+-------+-------+----------------------

Table legend:
 A = Kills in this place as a percentage of kills in entire the game.
 B = Kills by you in this place as a percentage of kills by you in the entire game.
 C = Kills by friends in this place as a percentage of kills by friends in the entire game.
 D = Other kills in this place as a percentage of other kills in the entire game.
 E = Experience gained in this place as a percentage of experience gained in the entire game.
 F = Experience gained in this place divided by the number of levels of this place that you have seen.
                   A       B       C       D       E      F
               +-------+-------+-------+-------+-------+----------------------
         Total | 100.0 | 100.0 |   N/A |   N/A | 100.0 | 180.5
       Dungeon | 100.0 | 100.0 |   N/A |   N/A | 100.0 | 180.5
               +-------+-------+-------+-------+-------+----------------------
